 Dungeon Crawl Stone Soup version 0.18.1-50-g88ac8fd (console) character file.

942 Kloppie the Ruffian (level 7, 0/74 HPs)
             Began as a Troll Berserker on Oct 29, 2016.
             Was a Priest of Trog.
             Slain by a troll (9 damage)
             ... on level 7 of the Dungeon.
             The game lasted 00:04:01 (2235 turns).

Kloppie the Ruffian (Troll Berserker)               Turns: 2235, Time: 00:04:02

Health: 0/74       AC:  5    Str: 26    XL:     7   Next: 88%
Magic:  6/6        EV: 11    Int:  3    God:    Trog [***...]
Gold:   188        SH:  0    Dex: 11    Spells: 0 memorised, 6 levels left

rFire  . . .     SeeInvis .       - Unarmed
rCold  . . .     Gourm    +     a - +0 animal skin
rNeg   . . .     Faith    .     (no shield)
rPois  .         Spirit   .     (helmet restricted)
rElec  .         Dismiss  .     (no cloak)
rCorr  .         Reflect  .     (gloves unavailable)
SustAt .         Harm     .     (boots unavailable)
MR     ++...                    (no amulet)
Stlth  ++........               x - +1 ring of evasion
                                c - ring of stealth

@: exhausted, regenerating, slowed, invisible, very slow, very resistant to
hostile enchantments, unstealthy
A: unfitting armour, claws 3, fast metabolism 3, gourmand, regeneration 2,
shaggy fur 1, tough skin 2
a: Berserk, Trog's Hand, Burn Spellbooks, Renounce Religion


You were on level 7 of the Dungeon.
You worshipped Trog.
Trog was most pleased with you.
You were not hungry.

You visited 1 branch of the dungeon, and saw 8 of its levels.

You collected 188 gold pieces.

Inventory:

Armour
 a - a +0 animal skin (worn)
Jewellery
 c - a ring of stealth (left claw)
 x - a +1 ring of evasion (right claw)
Scrolls
 f - 2 scrolls of teleportation
 i - 6 scrolls of remove curse
 v - 2 scrolls of fog
Potions
 d - a potion of resistance {unknown}
 j - a potion of flight
 k - 3 potions of might
 m - a potion of lignification
 o - 3 potions of curing {unknown}
 r - 2 potions of agility {unknown}
 s - a potion of haste {unknown}
 w - a potion of ambrosia {unknown}
 z - a potion of brilliance {unknown}
Comestibles
 b - 5 bread rations
 g - 2 slices of pizza
 h - 5 chunks of flesh
 n - 3 meat rations
 A - 9 fruits
 B - 2 beef jerkies


   Skills:
 + Level 5.9 Fighting
 - Level 2.4 Dodging
 + Level 7.0 Unarmed Combat


You had 6 spell levels left.
You didn't know any spells.

Dungeon Overview and Level Annotations

Branches:
Dungeon (8/15)             Temple (0/1) D:5
   Lair: D:8-11

Altars:
Cheibriados
Fedhas
The Shining One

Annotations:
D:6 Sigmund


Innate Abilities, Weirdness & Mutations

You are too large for most types of armour.
You have claws for hands.
Your metabolism is lightning-fast.
You like to eat raw meat.
You heal very quickly.
You are covered in fur (AC +1).
You have very tough skin (AC +2).


Message History

* * * LOW HITPOINT WARNING * * *
The troll claws you.
* * * LOW HITPOINT WARNING * * *
The troll claws you.
* * * LOW HITPOINT WARNING * * *
There is a stone staircase leading down here.
Your skin crawls.
You feel resistant to hostile enchantments.
The troll closely misses you. The troll claws you.
* * * LOW HITPOINT WARNING * * *
The troll misses you. The troll bites you!
* * * LOW HITPOINT WARNING * * *
The troll misses you. The troll claws you.
* * * LOW HITPOINT WARNING * * *
The troll misses you. The troll closely misses you. The troll claws you!
* * * LOW HITPOINT WARNING * * *
Drink which item? (? for menu, Esc to quit)
You fade into invisibility!
The troll barely misses you. x3; The troll bites you!
You die...

#.........#
###.........#
#........)..#
#.......#####
#.......#
#.....>.###
#..(..#.#.##
#.....T....#
#.....#@#.##
#..........#
#.....#>#.##
#..........#
#.....#.#.##
######.....#
#.#.## .....#
#.#(##


You could see a troll.

Vanquished Creatures
  An ice beast (D:5)
  A phantom (D:7)
  An orc warrior (D:7)
  2 ogres
  A centaur (D:4)
  A howler monkey (D:4)
  A jelly (D:5)
  A hound (D:5)
  A centaur skeleton (D:4)
  A giant frog skeleton (D:7)
  5 worker ants
  A hound skeleton (D:4)
  A gnoll (D:7)
  5 adders
  A shadow imp (D:7)
  4 oozes
  An adder zombie (D:5)
  A dart slug (D:4)
  2 giant geckos (D:1)
  An orc (D:7)
  4 giant cockroaches
  2 goblins
  4 hobgoblins
  13 jackals
  2 quokkas (D:4)
  A ball python (D:2)
  3 bats
  2 giant newts
  A jackal skeleton (D:4)
  6 kobolds
  A rat (D:3)
72 creatures vanquished.

Notes
Turn   | Place    | Note
--------------------------------------------------------------
     0 | D:1      | Kloppie the Troll Berserker began the quest for the Orb.
     0 | D:1      | Reached XP level 1. HP: 22/22 MP: 0/0
   128 | D:1      | Reached XP level 2. HP: 24/29 MP: 1/1
   649 | D:2      | Found a glowing golden altar of the Shining One.
   681 | D:2      | Reached ** piety under Trog
   681 | D:2      | Reached XP level 3. HP: 35/36 MP: 2/2
  1404 | D:3      | Reached skill level 4 in Unarmed Combat
  1463 | D:3      | Reached XP level 4. HP: 44/45 MP: 3/3
  1611 | D:4      | Reached XP level 5. HP: 49/54 MP: 4/4
  1642 | D:4      | Reached *** piety under Trog
  1722 | D:4      | Reached skill level 5 in Unarmed Combat
  1784 | D:4      | Reached XP level 6. HP: 54/63 MP: 5/5
  1880 | D:4      | Found a blossoming altar of Fedhas.
  1980 | D:5      | Entered Level 5 of the Dungeon
  2049 | D:5      | Found a staircase to the Ecumenical Temple.
  2066 | D:5      | Noticed an ice beast
  2080 | D:5      | Killed an ice beast
  2080 | D:5      | Reached skill level 5 in Fighting
  2080 | D:5      | Reached skill level 6 in Unarmed Combat
  2080 | D:5      | Reached XP level 7. HP: 47/72 MP: 6/6
  2130 | D:5      | You fall through a shaft for 3 floors!
  2136 | D:8      | Found a snail-covered altar of Cheibriados.
  2185 | D:6      | Noticed Sigmund
  2201 | D:7      | Reached skill level 7 in Unarmed Combat
  2206 | D:7      | Noticed a troll
  2235 | D:7      | Slain by a troll

Skill      XL: |  1  2  3  4  5  6  7 |
---------------+----------------------+-----
Fighting       | 3 4 5 |  5.9
Unarmed Combat | 4 5 6 7 |  7.0
Dodging        | |  2.4

Action                   |  1- 3 |  4- 6 |  7- 9 || total
-------------------------+-------+-------+-------++-------
Melee: Unarmed           |    95 |    97 |    34 ||   226
Invok: Berserk           |     1 |     1 |     1 ||     3
       Trog's Hand       |       |       |     2 ||     2
  Use: Scroll            |       |    14 |       ||    14
       Potion            |       |       |     1 ||     1
 Stab: Distracted        |       |     2 |       ||     2
       Sleeping          |       |       |     1 ||     1
  Eat: Chunk             |    19 |     6 |       ||    25
Armor: Animal skin       |    27 |    36 |     3 ||    66
Dodge: Dodged            |    60 |    55 |    36 ||   151
